 Dungeon Crawl Stone Soup version 0.27.1-34-g3ba077fa99 (webtiles) character file.

Game seed: 10916128061219539196

250 MisterFreud the Ruffian (level 5, -1/75 HPs)
             Began as a Troll Berserker on Jan 3, 2022.
             Was a Priest of Trog.
             Slain by a two-headed ogre (14 damage)
             ... on level 5 of the Dungeon.
             The game lasted 00:03:10 (2818 turns).

MisterFreud the Ruffian (Troll Berserker)           Turns: 2818, Time: 00:03:11

Health: -1/75      AC:  4    Str: 25    XL:     5   Next: 88%
Magic:  4/4        EV: 10    Int:  4    God:    Trog [***...]
Gold:   163        SH:  0    Dex:  9    Spells: 4/4 levels left

rFire    . . .     SeeInvis .     - Unarmed
rCold    . . .     Faith    .   (no shield)
rNeg     . . .     Spirit   .   a - +0 animal skin
rPois    .         Reflect  .   (helmet restricted)
rElec    .         Harm     .   (no cloak)
rCorr    .         Rampage  .   (gloves unavailable)
Will     .....                  (boots unavailable)
Stlth    ..........             (no amulet)
HPRegen  1.22/turn              (no ring)
MPRegen  0.09/turn              (no ring)

@: berserking, very quick
A: large, unfitting armour, claws 3, regeneration 1, shaggy fur 1, tough skin 1
a: Renounce Religion, Berserk, Trog's Hand


You were on level 5 of the Dungeon.
You worshipped Trog.
Trog was most pleased with you.
You visited 1 branch of the dungeon, and saw 5 of its levels.

You collected 163 gold pieces.

Inventory:

Missiles
 i - 7 boomerangs (quivered)
Armour
 a - a +0 animal skin (worn)
Scrolls
 b - 3 scrolls of teleportation
 c - a scroll of amnesia {unknown}
 e - 2 scrolls of torment {unknown}
 f - 2 scrolls of magic mapping {unknown}
 k - a scroll of noise {unknown}
 n - a scroll of identify
Potions
 d - a potion of magic
 g - a potion of cancellation
 h - 2 potions of lignification
 j - 3 potions of might
 l - a potion of curing {unknown}
 m - a potion of mutation {unknown}
 o - a potion of ambrosia {unknown}


   Skills:
 - Level 2.4 Fighting
 - Level 2.4 Dodging
 + Level 6.7 Unarmed Combat


You had 4 spell levels left.
You didn't know any spells.
Your spell library was empty.

Dungeon Overview and Level Annotations

Branches:
Dungeon (5/15)
 Temple: D:4-7

Altars:
Elyvilon

Shops:
D:1 :


Innate Abilities, Weirdness & Mutations

You are too large for most types of armour.
You have claws for hands.
Your natural rate of healing is unusually fast.
You are covered in fur. (AC +1)
You have tough skin. (AC +1)


Message History

A two-headed ogre comes into view. It is wielding two +0 giant clubs.
Found a glowing glass wand.
The two-headed ogre shouts in stereo!
Unknown command.
Unknown command.
Throw: 7 boomerangs
Press: ? - help, Q - select action, (/) - cycle Shift-Dir - straight line, f - two-headed ogre
Aim: a two-headed ogre, wielding two +0 giant clubs (71% to hit)
You throw a boomerang. The boomerang hits the two-headed ogre.
The two-headed ogre is lightly wounded.
Unknown command.
Throw: 7 boomerangs
Press: ? - help, Q - select action, (/) - cycle Shift-Dir - straight line, f/p - two-headed ogre
Aim: a two-headed ogre, wielding two +0 giant clubs (lightly wounded, 71% to hit)
You throw a boomerang.
The boomerang barely misses the two-headed ogre.
You barely miss the two-headed ogre.
The two-headed ogre is lightly wounded.
The two-headed ogre barely misses you. x2
You scratch the two-headed ogre.
The two-headed ogre is lightly wounded.
A red film seems to cover your vision as you go berserk!
You feel yourself moving faster!
You feel mighty!
The two-headed ogre hits you with a +0 giant club!
The two-headed ogre hits you with a +0 giant club!!
You claw the two-headed ogre!
The two-headed ogre is moderately wounded.
The two-headed ogre barely misses you. x2
You barely miss the two-headed ogre.
The two-headed ogre is moderately wounded.
You claw the two-headed ogre!
The two-headed ogre is heavily wounded.
The two-headed ogre hits you with a +0 giant club! x2
* * * LOW HITPOINT WARNING * * *
You barely miss the two-headed ogre. Your claw misses the two-headed ogre.
The two-headed ogre is heavily wounded.
You claw the two-headed ogre!
The two-headed ogre is severely wounded.
The two-headed ogre hits you with a +0 giant club!
You die...

#. ##.# ##...##
##.
##.....#####...
##.......#......
#..............#
#..>...........#
........@O.....#
#.......#../..#
##.....## ##.##
##....<# #####.#
#.# #.# #.# #.#


You could see a two-headed ogre.

Vanquished Creatures
  A hound (D:4)
  A jelly (D:4)
  A centaur skeleton (D:4)
  5 adders
  2 worms (D:2)
  A dart slug (D:3)
  5 orcs
  5 endoplasms
  3 giant cockroaches
  10 goblins
  12 hobgoblins
  8 jackals
  3 quokkas
  5 ball pythons
  8 bats
  6 frilled lizards
  11 kobolds
  7 rats
94 creatures vanquished.

Notes
Turn   | Place    | Note
-------+----------+-------------------------------------------
     0 | D:1      | MisterFreud the Troll Berserker began the quest for the
                  | Orb.
     0 | D:1      | Reached XP level 1. HP: 22/22 MP: 0/0
   242 | D:1      | Found Kakkec's Book Emporium.
   381 | D:1      | Reached XP level 2. HP: 29/29 MP: 1/1
   735 | D:2      | Reached skill level 4 in Unarmed Combat
   808 | D:2      | Reached ** piety under Trog
   809 | D:2      | Reached XP level 3. HP: 36/36 MP: 2/2
  1072 | D:2      | Reached XP level 4. HP: 40/44 MP: 3/3
  1104 | D:2      | Reached skill level 5 in Unarmed Combat
  1333 | D:2      | Found a white marble altar of Elyvilon.
  1728 | D:3      | Found a faded altar of an unknown god.
  1791 | D:3      | Reached *** piety under Trog
  2194 | D:4      | Reached XP level 5. HP: 47/50 MP: 4/4
  2236 | D:4      | Reached skill level 6 in Unarmed Combat
  2804 | D:5      | Entered Level 5 of the Dungeon
  2808 | D:5      | Noticed a two-headed ogre
  2818 | D:5      | Slain by a two-headed ogre

Illustrated notes

Levels and vault maps discovered:
D:1:      scummos_arrival_simple_crosswalls, layout_basic, serial_shops,
          nicolae_shop_stone, kennysheep_doodads, moated_statue,
          minmay_misc_feat_five, grunt_decor_fettered
D:2:      wad_river_or_something, layout_loops_cross, basic_altar
D:3:      layout_basic, ebering_ecumenical_altar_sacrificial, grunt_ministairs_5
D:4:      layout_loops_ring, minmay_crossroads
D:5:      layout_loops_ring, chequers_ossuary_entry_cave

Skill      XL: |  1  2  3  4  5 |
---------------+----------------+-----
Unarmed Combat | 4 5 6 |  6.7
Fighting       | |  2.4
Dodging        | |  2.4

Action                   |  1- 3 |  4- 6 || total
-------------------------+-------+-------++-------
Melee: Unarmed           |   114 |   128 ||   242
Throw: Boomerang         |       |     2 ||     2
Invok: Berserk           |       |     1 ||     1
  Use: Scroll            |       |     5 ||     5
Armor: Animal skin       |    43 |    36 ||    79
Dodge: Dodged            |    72 |    64 ||   136
